 Dungeon Crawl Stone Soup version 0.29.1-15-g9cfb28693d (webtiles) character file.

Game seed: 11743024921630017439

666 nonceun the Cleaver (level 7, 0/85 (87) HPs)
             Began as a Minotaur Berserker on Mar 30, 2023.
             Was a Priest of Trog.
             Slain by a hell rat (9 damage)
             ... on level 6 of the Dungeon.
             The game lasted 00:12:38 (3362 turns).

nonceun the Cleaver (Minotaur Berserker)            Turns: 3362, Time: 00:12:38

HP:   0/85 (87)     AC: 12    Str: 24    XL:     7   Next: 31%
MP:   6/6           EV:  8    Int:  4    God:    Trog [***...]
Gold: 176           SH:  0    Dex:  9    Spells: 6/6 levels left

rFire   . . .      SeeInvis .   a - +1 war axe (elec)
rCold   . . .      Faith    .   (no shield)
rNeg    . . .      Spirit   .   v - +0 chain mail
rPois   .          Reflect  .   (helmet restricted)
rElec   .          Harm     .   (no cloak)
rCorr   .          Rampage  .   (no gloves)
Will    .....                   (no boots)
Stlth   ..........              m - amulet of magic regeneration
HPRegen 0.24/turn               h - +4 ring of protection
MPRegen 0.50/turn               (no ring)

@: berserking, lightly drained, very quick
A: horns 2, retaliatory headbutt
a: Renounce Religion, Berserk, Trog's Hand


You were on level 6 of the Dungeon.
You worshipped Trog.
Trog was most pleased with you.
You visited 1 branch of the dungeon, and saw 6 of its levels.

You collected 303 gold pieces.
You spent 127 gold pieces at shops.

Inventory:

Hand Weapons
 a - a +1 war axe of electrocution (weapon)
Missiles
 b - a throwing net
 e - 43 stones (quivered)
Armour
 v - a +0 chain mail (worn)
Jewellery
 h - a +4 ring of protection (left hand)
 m - an amulet of magic regeneration (around neck)
Wands
 s - a wand of roots (5)
Scrolls
 f - 2 scrolls of identify {unknown}
 j - 2 scrolls of amnesia {unknown}
 n - 2 scrolls of blinking {unknown}
 o - a scroll of torment {unknown}
 p - a scroll of vulnerability {unknown}
 u - 2 scrolls of teleportation {unknown}
 w - a scroll of enchant weapon {unknown}
Potions
 c - 2 potions of degeneration {unknown}
 d - 3 potions of haste {unknown}
 g - 2 potions of heal wounds {unknown}
 i - a potion of mutation {unknown}
 k - a potion of flight {unknown}
 l - 2 potions of curing {unknown}
 q - 2 potions of invisibility {unknown}
 r - a potion of berserk rage {unknown}
 t - a potion of might {unknown}


   Skills:
 + Level 3.7 Fighting
 + Level 10.2 Axes
 - Level 2.4 Armour
 - Level 2.1 Dodging


You had 6 spell levels left.
You didn't know any spells.
Your spell library contained the following spells:

 Spells                   Type           Power      Damage    Failure   Level
 Beastly Appendage        Tmut           0%         N/A       99%         1
 Summon Small Mammal      Summ           0%         N/A       99%         1
 Wereblood                Tmut           0%         N/A       100%        2
 Call Canine Familiar     Summ           0%         N/A       100%        3
 Spider Form              Tmut/Pois      0%         N/A       100%        3
 Summon Guardian Golem    Hex/Summ       0%         N/A       100%        3
 Borgnjor's Revivificati  Necr           0%         N/A       100%        8
 Necromutation            Tmut/Necr      0%         N/A       100%        8
 Death's Door             Necr           0%         N/A       100%        9


Dungeon Overview and Level Annotations

Branches:
Dungeon (6/15)
 Temple: D:4-7

Altars:
Kikubaaqudgha
Qazlal

Shops:
D:1 [   D:2 :=*([   D:3 [   D:4 [

Annotations:
D:4 !sigmundn, Edmund
D:5 !menkaure, Menkaure


Innate Abilities, Weirdness & Mutations

You have a pair of horns on your head.
You reflexively headbutt those who attack you in melee.


Message History

Training target 10.0 for Axes reached!
Your Axes skill increases to level 10!
You need to enable at least one skill for training.
You barely miss the hell rat.
The hell rat roars deafeningly!
Your headbutt misses the hell rat. The hell rat barely misses you.
You barely miss the hell rat. You slash the hell rat!
You kill the hell rat!
Trog accepts your kill.
Your life force feels restored.
You slice the river rat!!
Lightning courses through the river rat!
You kill the river rat!
Trog accepts your kill.
You barely miss the river rat.
The river rat bites you but does no damage.
You hit the river rat. Your headbutt misses the river rat.
The river rat is heavily wounded.
You slash the river rat!
You kill the river rat!
Trog accepts your kill.
Your skin stops crawling.
You feel less strong-willed.
You hit the river rat.
The river rat is almost dead.
The river rat bites you!
* * * LOW HITPOINT WARNING * * *
You slash the river rat!
You feel the power of Trog in you as your rage grows.
You kill the river rat!
Trog accepts your kill.
The river rat twitches its whiskers.
You closely miss the hell rat. The hell rat bites you.
* * * LOW HITPOINT WARNING * * *
You feel drained.
* * * LOW HITPOINT WARNING * * *
You hit the hell rat.
The hell rat is moderately wounded.
The hell rat bites you!
You die...

.....#.....####
#.#.#....
.......###..#
#.##.#.
.....######.#
.....#.
.....##.#.#.##
.## #. ####
#.#†##..# # #.
##.##.##.## #.
##.####.#..#
##.## #.##.#
### #.## ##@#.#
... ##†# #r#.#
.## #.## #rr#.#
... ##.# #..#.#
#### #.##
#..#.# #... #.#
.#.#.## #.##
#.##
.#..#..####.#
#.# ##.# .
.###......# #.#
#.## # .
##.###..# #.#


You could see a hell rat and 2 river rats.

Vanquished Creatures
  A centaur (D:6)
  2 hounds (D:6)
  2 jellies
  Ijyb (D:3)
  7 hell rats (D:6)
  2 gnolls (D:4)
  12 river rats (D:6)
  6 adders
  A worm (D:3)
  A dart slug (D:3)
  An orc (D:3)
  8 ball pythons
  6 bats
  10 endoplasms
  5 giant cockroaches
  9 goblins
  8 hobgoblins
  4 kobolds
  4 quokkas
  7 frilled lizards
  11 rats
108 creatures vanquished.

Vanquished Creatures (others)
  5 plants (D:3)
5 creatures vanquished.

Grand Total: 113 creatures vanquished

Notes
Turn   | Place    | Note
-------+----------+-------------------------------------------
     0 | D:1      | nonceun the Minotaur Berserker began the quest for the Orb.
     0 | D:1      | Reached XP level 1. HP: 19/19 MP: 0/0
    44 | D:1      | Reached skill level 4 in Axes
   199 | D:1      | Reached XP level 2. HP: 26/26 MP: 1/1
   282 | D:1      | Found Ofemoug's Armour Emporium.
   484 | D:1      | Reached skill level 5 in Axes
   610 | D:1      | Reached XP level 3. HP: 31/31 MP: 2/2
   613 | D:1      | Reached ** piety under Trog
   689 | D:2      | Found Hiojir's Jewellery Shoppe.
   723 | D:2      | Found Soaqidiq's Weapon Emporium.
   753 | D:2      | Found Ytygria's Antique Armour Emporium.
  1056 | D:2      | Found Cet Caij's Book Emporium.
  1127 | D:2      | Found Ofuxyock's Assorted Antiques.
  1135 | D:2      | Bought 2 scrolls labelled VOMEGH SEIMYCIZA for 44 gold
                  | pieces
  1135 | D:2      | Bought a scroll labelled FUUGINLOWOGOA for 22 gold pieces
  1135 | D:2      | Bought a scroll labelled BUKHLYTAEQU for 22 gold pieces
  1202 | D:2      | Reached skill level 6 in Axes
  1202 | D:2      | Reached XP level 4. HP: 39/39 MP: 3/3
  1222 | D:2      | Found a faded altar of an unknown god.
  1253 | D:2      | Bought 2 purple potions for 39 gold pieces
  1434 | D:3      | Found Fyihoydgho's Antique Armour Shoppe.
  1660 | D:3      | Found a stormy altar of Qazlal.
  1713 | D:3      | Found an ancient bone altar of Kikubaaqudgha.
  1974 | D:3      | Reached XP level 5. HP: 45/45 MP: 4/4
  1978 | D:3      | Noticed Ijyb
  1985 | D:3      | Reached skill level 7 in Axes
  1996 | D:3      | Killed Ijyb
  2000 | D:3      | Reached *** piety under Trog
  2662 | D:4      | Noticed Edmund
  2915 | D:4      | Found Kanul's Antique Armour Shop.
  2924 | D:5      | Entered Level 5 of the Dungeon
  2930 | D:5      | Noticed Menkaure
  2935 | D:6      | Noticed a centaur
  2942 | D:6      | Reached skill level 8 in Axes
  2942 | D:6      | Killed a centaur
  2943 | D:6      | Reached XP level 6. HP: 29/51 MP: 5/5
  3274 | D:6      | Reached skill level 9 in Axes
  3337 | D:6      | Reached XP level 7. HP: 16/54 MP: 6/6
  3351 | D:6      | Reached skill level 10 in Axes
  3362 | D:6      | Slain by a hell rat

Illustrated notes

Levels and vault maps discovered:
D:1:      doesnt_arrival_eight_statues, layout_basic, serial_shops,
          nicolae_shop_hallway_stairs
D:2:      layout_loops_cross, serial_shops, nicolae_shop_stone, shop,
          nicolae_square_shop, shop, shop, basic_ecumenical_altar
D:3:      cheibrodos_old_hovel, layout_loops_ring, mainiacjoe_overflow_alcove_1,
          amcnicky_altar_gilded, serial_shops, nicolae_shop_trees, uniq_ijyb
D:4:      layout_basic, serial_shops, shop_statue,
          minmay_a_box_with_orc_wizards_in_it, uniq_edmund
D:5:      minmay_spotlight, layout_basic, ebering_ghost_sewer_f, uniq_menkaure
D:6:      wander_guarded_unrand_ratskin, layout_basic,
          minmay_temple_entry_enclosed_plants, nicolae_shop_sticking_my_neck_out

Skill      XL: |  1  2  3  4  5  6  7 |
---------------+----------------------+-----
Axes           | 4 5 6 8 9 10 | 10.2
Fighting       | |  3.7
Armour         | |  2.4
Dodging        | |  2.1

Action                   |  1- 3 |  4- 6 |  7- 9 || total
-------------------------+-------+-------+-------++-------
Melee: Hand axe          |    75 |   129 |       ||   204
       Headbutt          |    10 |    24 |     4 ||    38
       War axe           |       |    26 |    23 ||    49
Invok: Berserk           |       |     1 |     1 ||     2
       Trog's Hand       |       |       |     1 ||     1
 Stab: Sleeping          |     2 |       |       ||     2
Armor: Animal skin       |     7 |       |       ||     7
       Leather armour    |    11 |    28 |       ||    39
       Chain mail        |       |    34 |     5 ||    39
Dodge: Dodged            |    25 |    68 |     3 ||    96
